 Dungeon Crawl Stone Soup version 0.25.0-1-g7eea58d2a3 (webtiles) character file.

Game seed: 9535073357547764258

373 McIrco the Covered (level 6, -2/52 HPs)
             Began as a Minotaur Fighter on June 14, 2020.
             Was an Initiate of Gozag.
             Slain by an ogre
             ... wielding a +0 giant spiked club
              (32 damage)
             ... on level 4 of the Dungeon.
             The game lasted 00:03:14 (2270 turns).

McIrco the Covered (Minotaur Fighter)               Turns: 2270, Time: 00:03:14

Health: -2/52      AC:  7    Str: 21    XL:     6   Next: 43%
Magic:  5/5        EV:  8    Int:  5    God:    Gozag
Gold:   303        SH: 10    Dex: 11    Spells: 5/5 levels left

rFire    . . .     SeeInvis .   a - +0 war axe
rCold    . . .     Gourm    .   c - +0 kite shield
rNeg     . . .     Faith    .   b - +0 scale mail
rPois    .         Spirit   .   (helmet restricted)
rElec    .         Reflect  .   m - scarf {+Inv}
rCorr    .         Harm     .   (no gloves)
MR       .....                  (no boots)
Stlth    ..........             (no amulet)
HPRegen  0.17/turn              (no ring)
MPRegen  0.09/turn              (no ring)

@: no status effects
A: retaliatory headbutt, horns 2
a: Potion Petition, Call Merchant, Bribe Branch, Renounce Religion, Evoke
Invisibility


You were on level 4 of the Dungeon.
You worshipped Gozag.
Gozag was aware of your devotion.
You were very hungry.

You visited 1 branch of the dungeon, and saw 4 of its levels.
You also visited: Sewer.

You collected 333 gold pieces.
You paid 30 gold pieces to Gozag.

Inventory:

Hand Weapons
 a - a +0 war axe (weapon)
Armour
 b - a +0 scale mail (worn)
 c - a +0 kite shield (worn)
 m - a scarf of invisibility (worn)
Jewellery
 k - a cursed ring of teleportation {unknown}
Scrolls
 e - a scroll of fog {unknown}
 j - a scroll of enchant armour {unknown}
 l - 3 scrolls of amnesia {unknown}
 o - 2 scrolls of remove curse {unknown}
 p - 2 scrolls of identify {unknown}
Potions
 d - a potion of might
 g - a potion of flight
 h - a potion of stabbing {unknown}
 i - a potion of degeneration {unknown}
 n - 3 potions of heal wounds {unknown}
 q - 2 potions of mutation {unknown}
 r - a potion of curing {unknown}
Comestibles
 f - 4 rations


   Skills:
 + Level 4.2 Fighting
 + Level 4.8 Axes
 * Level 5.7 Armour
 + Level 1.0 Dodging
 + Level 0.1 Stealth
 * Level 5.6 Shields


You had 5 spell levels left.
You didn't know any spells.
Your spell library contained the following spells:

 Spells                   Type           Power        Failure   Level  Hunger
 Magic Dart               Conj           #...         99%         1    ##.....
 Blink                    Tloc           N/A          100%        2    ###....
 Call Imp                 Summ           #.......     100%        2    ###....
 Slow                     Hex            #.......     100%        2    ###....
 Conjure Flame            Conj/Fire      #.......     100%        3    ####...
 Mephitic Cloud           Conj/Pois/Air  #.......     100%        3    ####...


Dungeon Overview and Level Annotations

Branches:
Dungeon (4/15)              Sewer (visited)
 Temple: D:4-7

Altars:
Ashenzari
Gozag

Annotations:
D:4 Blork the orc


Innate Abilities, Weirdness & Mutations

You reflexively headbutt those who attack you in melee.
You have a pair of horns on your head.


Message History

There is a stone staircase leading down here.
You climb downwards.
There is a stone staircase leading up here.
(D) Dungeon
Where to? (Enter - D:3, ? - help)
There is a stone staircase leading down here.
You climb downwards.
Level annotation: Blork the orc The phantom hits you.
Blork the orc screams, "I'll cover the dungeon with your blood!"
Blork the orc casts a spell at you. The magic dart hits you.
You block the ogre's attack. The ogre hits you with a +0 giant club!
The phantom barely misses you.
There is a stone staircase leading up here.
Unknown command.
Unknown command.
The ogre hits you with a +0 giant spiked club!!
Ouch! That really hurt!
You die...
Your body crumbles into a pile of gold.

###'#'#####.#
#.#.......#
#.#..######
#.#..#..
#.#..#.#
#.#..#.#
#.#..#.#
#.#..#O#
.######.#.o.@#
...........OW#
#######.#....#
###O#....#
#........#
#........#
#...........#
#...........#
#........!..#


You could see a phantom, Blork the orc and 2 ogres.

Vanquished Creatures
  Eustachio (D:4)
  A big kobold (Sewer)
  A howler monkey (D:4)
  A hound (D:4)
  A worker ant (D:4)
  2 adders
  A river rat (Sewer)
  A shadow imp (D:3)
  A dart slug (D:1)
  3 leopard geckos
  An orc (D:3)
  4 hobgoblins
  4 jackals
  9 kobolds
  A quokka (D:2)
  3 ball pythons
  2 bats (D:1)
  4 frilled lizards
  7 goblins
  5 rats
53 creatures vanquished.

Notes
Turn   | Place    | Note
-------+----------+-------------------------------------------
     0 | D:1      | McIrco the Minotaur Fighter began the quest for the Orb.
     0 | D:1      | Reached XP level 1. HP: 19/19 MP: 0/0
   172 | D:1      | Reached XP level 2. HP: 27/27 MP: 1/1
   514 | D:2      | Reached XP level 3. HP: 32/33 MP: 2/2
   663 | D:2      | Found an opulent altar of Gozag.
   673 | D:2      | Became a worshipper of Gozag Ym Sagoz the Greedy
   886 | D:2      | You fall into a shaft and drop 1 floor!
   886 | D:3      | Found a glowing drain.
   898 | Sewer    | Entered a sewer
  1032 | Sewer    | Noticed a big kobold
  1055 | Sewer    | Killed a big kobold
  1055 | Sewer    | Reached XP level 4. HP: 36/40 MP: 3/3
  1099 | Sewer    | Found a white marble altar of Elyvilon.
  1316 | D:3      | Reached XP level 5. HP: 46/46 MP: 4/4
  1515 | D:3      | Found a shattered altar of Ashenzari.
  1758 | D:4      | Reached skill level 5 in Armour
  1758 | D:4      | Reached skill level 5 in Shields
  1893 | D:4      | Noticed Eustachio
  1929 | D:4      | Killed Eustachio
  1929 | D:4      | Reached skill level 1 in Dodging
  1929 | D:4      | Reached XP level 6. HP: 28/52 MP: 5/5
  2118 | D:4      | Noticed Blork the orc
  2270 | D:4      | Slain by an ogre

Illustrated notes

Levels and vault maps discovered:
D:1:      shiori_arrival_oz, layout_basic
D:2:      layout_loops_corners, old_standard_altar, marbit_many_paths
D:3:      layout_loops_cross, lemuel_coloured_pillars_altar,
          cheibrodos_sewer_entry_drain
D:4:      cheibrodos_barr_body, layout_basic, uniq_grinder, uniq_eustachio,
          uniq_blork_the_orc

Skill      XL: |  1  2  3  4  5 |
---------------+----------------+-----
Shields        | 4 5 |  5.6
Armour         | 4 5 |  5.7
Axes           | 3 4 |  4.8
Fighting       | 4 |  4.2
Dodging        | 1 |  1.0
Stealth        | |  0.1

Action                   |  1- 3 |  4- 6 || total
-------------------------+-------+-------++-------
Melee: War axe           |    74 |    68 ||   142
       Headbutt          |     8 |    11 ||    19
Invok: Potion Petition   |       |     1 ||     1
  Use: Potion            |       |     1 ||     1
  Eat: Ration            |       |     1 ||     1
Armor: Scale mail        |    23 |    25 ||    48
Dodge: Dodged            |    22 |    23 ||    45
Block: Kite shield       |    43 |    35 ||    78
